 Dungeon Crawl Stone Soup version 0.30.0-10-gfe55d96785 (webtiles) character file.

Game seed: 501062126250288154

833 PoweredByGinger the Cleaver (level 7, -1/67 HPs)
             Began as a Minotaur Gladiator on May 15, 2023.
             Was an Initiate of Okawaru.
             Slain by a lemure (8 damage)
             ... led by Pikel
             ... on level 5 of the Dungeon.
             The game lasted 00:04:21 (3202 turns).

PoweredByGinger the Cleaver (Minotaur Gladiator)    Turns: 3202, Time: 00:04:21

Health: -1/67      AC:  3    Str: 20    XL:     7   Next: 65%
Magic:  6/6        EV: 12    Int:  5    God:    Okawaru [......]
Gold:   212        SH:  0    Dex: 12    Spells: 6/6 levels left

rFire   . . .        a - +0 war axe
rCold   . . .        (no shield)
rNeg    . . .        b - +0 leather armour
rPois   +            c - +0 hat
rElec   .            (no cloak)
rCorr   .            (no gloves)
SInv    .            (no boots)
Will    .....        (no amulet)
Stlth   +            f - ring of poison resistance
HPRegen 0.31/turn    (no ring)
MPRegen 0.10/turn

%: no passive effects
@: no status effects
A: horns 2, retaliatory headbutt
a: Renounce Religion


You were on level 5 of the Dungeon.
You worshipped Okawaru.
Okawaru was noncommittal.
You visited 2 branches of the dungeon, and saw 5 of its levels.

You collected 212 gold pieces.

Inventory:

Hand Weapons
 a - a +0 war axe (weapon)
Missiles
 d - 3 throwing nets (quivered)
 e - a javelin
Armour
 b - a +0 leather armour (worn)
 c - a +0 hat (worn)
Jewellery
 f - a ring of poison resistance (left hand)
Scrolls
 h - 2 scrolls of enchant armour
 i - 2 scrolls of identify
 j - a scroll of amnesia
 m - a scroll of poison {unknown}
 o - a scroll of teleportation {unknown}
Potions
 g - 2 potions of curing
 k - a potion of heal wounds {unknown}
 l - a potion of haste
 n - a potion of might {unknown}
 p - a potion of attraction {unknown}


   Skills:
 + Level 7.7 Fighting
 + Level 8.2 Axes
 - Level 2.0 Throwing
 - Level 3.2 Dodging


You had 6 spell levels left.
You didn't know any spells.
Your spell library contained the following spells:

 Spells                   Type           Power      Damage    Failure   Level
 Poisonous Vapours        Pois/Air       0%         N/A       67%         2
 Mephitic Cloud           Conj/Pois/Air  0%         N/A       88%         3
 Vhi's Electric Charge    Tloc/Air       0%         N/A       88%         3
 Arcjolt                  Conj/Air       0%         1d10      100%        5
 Freezing Cloud           Conj/Ice/Air   0%         6-21      100%        5
 Plasma Beam              Fire/Air       0%         2x1d11    100%        6


Dungeon Overview and Level Annotations

Branches:
Dungeon (5/15)             Temple (1/1) D:4

Altars:
Ashenzari
Dithmenos
Fedhas
Gozag
Makhleb
Nemelex Xobeh
Okawaru
Qazlal
Ru
Uskayaw
Yredelemnul
Zin
The Shining One

Annotations:
D:4 Pikel


Innate Abilities, Weirdness & Mutations

You have a pair of horns on your head.
You reflexively headbutt those who attack you in melee.


Message History

Unknown command.
You slash the lemure!
You kill the lemure!
That felt strangely unrewarding.
You hit the lemure. The lemure misses you.
Unknown command.
You closely miss the lemure.
The lemure is lightly wounded.
The lemure hits you.
* * * LOW HITPOINT WARNING * * *
You completely miss the lemure.
The lemure is lightly wounded.
The lemure hits you!
* * * LOW HITPOINT WARNING * * *
You closely miss the lemure.
The lemure is lightly wounded.
The lemure hits you!
* * * LOW HITPOINT WARNING * * *
You barely miss the lemure. You headbutt the lemure.
The lemure is lightly wounded.
The lemure hits you.
* * * LOW HITPOINT WARNING * * *
It was a potion of curing.
You feel better. The lemure misses you. You furiously retaliate!
You headbutt the lemure! You closely miss the lemure.
The lemure is heavily wounded.
The lemure misses you. You furiously retaliate!
You headbutt the lemure. You hit the lemure. Your headbutt misses the lemure.
The lemure is almost dead.
The lemure hits you.
* * * LOW HITPOINT WARNING * * *
You barely miss the lemure.
The lemure is almost dead.
The lemure hits you.
* * * LOW HITPOINT WARNING * * *
You feel better. The lemure hits you.
* * * LOW HITPOINT WARNING * * *
You miss the lemure. You headbutt the lemure.
The lemure is almost dead.
The lemure hits you!
You die...

.......# #.###.##.##.# .......##
## #.....##.##.# ........# .
#####.##.##.# ........#####.##.
#.##.##.# #######.......##.###
#.##....# #.....††####### ...#
#.#######... #.......###
###.###.# #... #.......'.#
#.......# #... #.......#.#
#@#.###.# #... #.......#.#
###5#.###.### #... ###.....#.#
#...<.#.....#####... ..#.....#.#
#..#.##.#5....5.+...
8.#.....#.####..#...<....#####...
..#######....#...............†...
≈≈# ####.#.##....###########. ≈g#
#....#.##.#..#......####. ≈≈#
#.##.#....#..#.#.##.#....


You could see a lemure.

Vanquished Creatures
  2 black bears (D:5)
  3 lemures
  3 scorpions
  A jelly (D:5)
  3 orc priests (D:4)
  6 hounds
  An orc wizard (D:4)
  4 gnolls
  4 adders
  2 ufetubi (D:5)
  A worm (D:4)
  7 orcs (D:4)
  3 bats
  2 endoplasms (D:1)
  4 giant cockroaches
  6 goblins
  2 hobgoblins (D:1)
  4 jackals (D:5)
  3 quokkas
  4 ball pythons
  A frilled lizard (D:1)
  5 kobolds (D:1)
71 creatures vanquished.

Notes
Turn   | Place    | Note
-------+----------+-------------------------------------------
     0 | D:1      | PoweredByGinger the Minotaur Gladiator began the quest for
                  | the Orb.
     0 | D:1      | Reached XP level 1. HP: 18/18 MP: 0/0
   100 | D:1      | Reached skill level 4 in Axes
   106 | D:1      | Reached XP level 2. HP: 24/26 MP: 1/1
   381 | D:1      | Found a faded altar of an unknown god.
   763 | D:2      | You fall into a shaft and drop 2 floors!
   834 | D:4      | Reached XP level 3. HP: 31/31 MP: 2/2
   836 | D:4      | Found a shadowy altar of Dithmenos.
   851 | D:4      | Found a staircase to the Ecumenical Temple.
   871 | Temple   | Entered the Ecumenical Temple
  1132 | D:4      | Reached skill level 5 in Axes
  1132 | D:4      | Reached XP level 4. HP: 25/41 MP: 3/3
  1253 | D:4      | Reached XP level 5. HP: 12/47 MP: 4/4
  1497 | D:4      | Reached skill level 5 in Fighting
  1500 | D:4      | Reached skill level 6 in Axes
  1600 | D:4      | Reached XP level 6. HP: 56/57 MP: 5/5
  2024 | D:5      | Entered Level 5 of the Dungeon
  2126 | D:5      | Reached skill level 7 in Axes
  2313 | D:5      | Found a glowing golden altar of the Shining One.
  2315 | D:5      | Noticed an angel
  2320 | D:5      | Found a basalt altar of Yredelemnul.
  2322 | D:5      | Noticed a profane servitor
  2353 | D:5      | Reached XP level 7. HP: 53/66 MP: 6/6
  2474 | D:5      | Found an iron altar of Okawaru.
  2488 | D:5      | Reached skill level 8 in Axes
  2581 | D:5      | Became a worshipper of Warmaster Okawaru
  2738 | D:5      | Noticed Pikel
  3202 | D:5      | Slain by a lemure

Illustrated notes

Levels and vault maps discovered:
D:1:      dpeg_arrival_connections, layout_loops_ring,
          ebering_ecumenical_altar_petrified
D:2:      minmay_wonky_spiral, layout_loops_ring, hex_large,
          minmay_tiny_reverse_x
D:4:      layout_basic, mainiacjoe_overflow_surrounded_room,
          minmay_temple_entry_mist, grunt_decor_one_mirror, cheibrodos_gnoll_hut
D:5:      layout_basic, grunt_temple_overflow_holy_war,
          kennysheep_okawaru_gauntlet, corexii_corridor_pit,
          kennysheep_generic_room_12, uniq_pikel
Temple:   hellmonk_temple_forest_ring

Skill      XL: |  1  2  3  4  5  6  7 |
---------------+----------------------+-----
Axes           | 4 5 6 7 8 |  8.2
Fighting       | 3 4 5 7 |  7.7
Throwing       | |  2.0
Dodging        | |  3.2

Action                     |  1- 3 |  4- 6 |  7- 9 || total
---------------------------+-------+-------+-------++-------
  Melee: War axe           |    63 |    69 |    48 ||   180
         Headbutt          |     9 |    13 |     7 ||    29
  Throw: Throwing net      |       |       |     3 ||     3
    Use: Potion            |       |       |     3 ||     3
         Scroll            |       |       |     2 ||     2
   Stab: Sleeping          |     1 |       |       ||     1
         Distracted        |       |     1 |       ||     1
 Armour: Leather armour    |    20 |    11 |     5 ||    36
  Dodge: Dodged            |    43 |    39 |    47 ||   129
